 Dungeon Crawl Stone Soup version 0.26-a0-639-g72c4674329 (webtiles) character file.

Game seed: 5090555822902996120

10 Gunterle the Cutter (level 2, 0/20 HPs)
             Began as a Halfling Abyssal Knight on Sept 20, 2020.
             Was a Follower of Lugonu.
             Slain by a goblin (4 damage)
             ... led by Robin
             ... on level 1 of the Dungeon.
             The game lasted 00:10:50 (1064 turns).

Gunterle the Cutter (Halfling Abyssal Knight)       Turns: 1064, Time: 00:10:51

Health: 0/20       AC:  4    Str: 13    XL:     2   Next: 30%
Magic:  3/3        EV: 13    Int: 10    God:    Lugonu [*.....]
Gold:   55         SH:  0    Dex: 13    Spells: 1/1 levels left

rFire    . . .     SeeInvis .   a - +1 short sword
rCold    . . .     Faith    .   (shield restricted)
rNeg     . . .     Spirit   .   b - +0 leather armour
rPois    .         Reflect  .   f - +0 helmet
rElec    .         Harm     .   (no cloak)
rCorr    .         Rampage  .   (no gloves)
MR       .....                  (no boots)
Stlth    +.........             (no amulet)
HPRegen  0.06/turn              c - ring of wizardry
MPRegen  0.08/turn              (no ring)

@: lightly drained
A: small, mutation resistance 1
a: Depart the Abyss, Renounce Religion


You were on level 1 of the Dungeon.
You worshipped Lugonu.
Lugonu was aware of your devotion.
You visited 1 branch of the dungeon, and saw 2 of its levels.
You visited the Abyss 1 time.

You collected 55 gold pieces.

Inventory:

Hand Weapons
 a - a +1 short sword (weapon)
Missiles
 d - 77 stones (quivered)
 e - 39 sling bullets
Armour
 b - a +0 leather armour (worn)
 f - a +0 helmet (worn)
Jewellery
 c - a ring of wizardry (left hand)
Scrolls
 h - a scroll of identify {unknown}
Potions
 g - a potion of heal wounds {unknown}


   Skills:
 + Level 2.7(2.5) Fighting
 * Level 2.9(2.6) Short Blades
 + Level 2.3(2.1) Armour
 + Level 1.2(1.0) Dodging
 + Level 2.2(2.0) Invocations


You had one spell level left.
You didn't know any spells.
Your spell library was empty.

Dungeon Overview and Level Annotations

Branches:
Dungeon (2/15)

Altars:

Annotations:
D:2 Robin


Innate Abilities, Weirdness & Mutations

You are small and have problems with some larger weapons.
You are somewhat resistant to further mutation.


Message History

You barely miss the goblin. The goblin closely misses you.
The goblin hits you but does no damage. The goblin misses you.
You hit the goblin.
You kill the goblin!
Lugonu accepts your kill. The goblin hits you.
The goblin hits you with a +0 club.
* * * LOW HITPOINT WARNING * * *
Things that are here:
a +0 dagger; a goblin corpse; a goblin corpse The goblin no longer looks unusually strong.
The goblin no longer looks unusually strong. x2
Found 17 stones.
The bat hits you but does no damage.
You miss the bat. The bat misses you. The bat hits you but does no damage.
You hit the bat but do no damage. The bat misses you. The goblin hits you.
* * * LOW HITPOINT WARNING * * *
The bat hits you but does no damage.
You see here a mace.
The bat closely misses you. The goblin hits you.
You die...

.#..# ###.#.###########.. #.#..#
# #.#.#####.....#.. ##.#..#.####
#.#.......###.#..
#..........###.#.#.......#>#g.
#....##.##.#.......#####.#.#..
#....#.....#.###########.#.#..
#.......#..#.............#.#..
####.......#..###############.#..
..............b.@gg.g............
#######.####.################.###
#............... .....
#.#.############ ###.#.# #.#..
#.#.# # ##. #.# # .# #.# .# #.#
.#


You could see 3 goblins and a bat.

Vanquished Creatures
  3 goblins (D:1)
  A hobgoblin (D:1)
  A frilled lizard (D:1)
  4 kobolds (D:1)
  3 rats (D:1)
12 creatures vanquished.

Notes
Turn   | Place    | Note
-------+----------+-------------------------------------------
     0 | Abyss:1  | Gunterle the Halfling Abyssal Knight began the quest for
                  | the Orb.
     0 | Abyss:1  | Reached XP level 1. HP: 15/15 MP: 2/2
    46 | Abyss:1  | Noticed a wretched star
    49 | D:1      | Escaped the Abyss
   108 | D:1      | Reached * piety under Lugonu
   696 | D:1      | Reached XP level 2. HP: 15/20 MP: 3/3
  1019 | D:2      | Noticed Robin
  1064 | D:1      | Slain by a goblin

Illustrated notes

Levels and vault maps discovered:
D:1:      giann_forest_graveyard, layout_basic, minivault_5
D:2:      layout_rooms, minmay_close_crescents, uniq_robin

Action                   || total
-------------------------++-------
Melee: Short sword       ||    41
Throw: Stone             ||     3
Invok: Depart the Abyss  ||     1
Armor: Leather armour    ||    14
Dodge: Dodged            ||    31

Table legend: (Time is in decaauts)
 A = Elapsed time spent in this place.
 B = Non-inter-level travel time spent in this place.
 C = Inter-level travel time spent in this place.
 D = Time resting spent in this place.
 E = Time spent auto-exploring this place.
 F = Levels seen in this place.
 G = Mean time per level.
                   A        B        C        D        E       F      G
               +--------+--------+--------+--------+--------+-----+--------+
         Total |   1063 |   1063 |      0 |     91 |    561 |   3 |  354.3 |
       Dungeon |   1014 |   1014 |      0 |     91 |    515 |   2 |  507.0 |
         Abyss |     49 |     49 |      0 |      0 |     46 |   1 |   49.0 |
               +--------+--------+--------+--------+--------+-----+--------+

Top non-repeatable levels by time:
     D:1: 1010 daAuts
 Abyss:1: 49 daAuts
     D:2: 4 daAuts
